Map: 트라이튼 - 래더

Players

Patience - Winner!

  • Race: Protoss Protoss
  • Spawn Location: 5:00

Trap

  • Race: Protoss Protoss
  • Spawn Location: 11:00

Event: IEM Katowice 2020

VOD

Have the link to the VOD?

Description

Time

  • Played on: Feb. 28, 2020, 7:07 a.m.
  • Length: 8:02

All games in this series

Show
View Real Time Build Order
Export as new Build Order

Patience Protoss - Winner!

Build Orders:  

Get SALT Encoding   

  12  0:01  Probe  
  13  0:13  Probe  
  14  0:17  Pylon  
  14  0:25  Probe (Chrono Boost)  
  16  0:36  Gateway  
  16  0:37  Probe (Chrono Boost)  
  16  0:41  Probe (Chrono Boost)  
  16  0:47  Assimilator  
  17  0:52  Probe (Chrono Boost)  
  17  0:57  Assimilator  
  18  1:05  Probe (Chrono Boost)  
  18  1:08  Gateway  
  19  1:13  Probe (Chrono Boost)  
  20  1:19  Probe  
  21  1:27  Cybernetics Core  
  21  1:31  Probe  
  22  1:35  Pylon  
  22  1:43  Probe  
  23  1:57  Probe  
  24  2:04  Stalker x2  
  28  2:15  Shield Battery  
  28  2:20  Pylon  
  28  2:23  Robotics Facility  
  28  2:31  Pylon  
  28  2:34  Adept  
  30  2:38  Adept  
  31  3:07  Probe, Nexus  
  32  3:19  Warp Gate  
  32  3:24  Warp Prism (Chrono Boost)  
  34  3:28  Probe  
  34  3:33  Sentry  
  39  3:34  Sentry  
  39  3:40  Pylon  
  39  3:57  Immortal (Chrono Boost)  
  39  4:00  Probe  
  44  4:12  Probe  
  44  4:13  Sentry x2  
  49  4:21  Gateway  
  49  4:30  Immortal (Chrono Boost)  
  53  4:52  Probe x2  
  55  5:02  Immortal (Chrono Boost)  
  55  5:04  Probe x2  
  61  5:21  Adept x3  
  61  5:27  Pylon  
  67  5:44  Immortal (Chrono Boost)  
  67  5:46  Adept x2  
  67  5:47  Adept  
  77  5:50  Pylon x2  
  77  6:08  Adept x3  
  75  6:28  Adept x3  
  75  6:46  Immortal  
  79  6:56  Adept x3  
  77  7:11  Probe x2  
  69  7:25  Warp Prism  
  69  7:26  Probe x2  
  69  7:31  Twilight Council  
  67  7:38  Probe  
  67  7:39  Probe  
Show
View Real Time Build Order
Export as new Build Order

Trap Protoss 

Build Orders:  

Get SALT Encoding   

  12  0:00  Probe  
  13  0:12  Probe  
  14  0:18  Pylon  
  14  0:24  Probe (Chrono Boost)  
  15  0:36  Probe (Chrono Boost)  
  15  0:37  Gateway  
  16  0:44  Probe (Chrono Boost)  
  16  0:48  Assimilator  
  17  0:51  Probe  
  17  0:55  Assimilator  
  18  1:03  Probe (Chrono Boost)  
  19  1:06  Gateway  
  19  1:13  Probe (Chrono Boost)  
  19  1:17  Probe (Chrono Boost)  
  20  1:25  Cybernetics Core  
  21  1:29  Probe  
  22  1:34  Pylon  
  22  1:41  Probe  
  24  1:58  Warp Gate (Chrono Boost)  
  24  2:01  Stalker  
  25  2:06  Stalker  
  27  2:12  Pylon  
  27  2:25  Probe  
  28  2:30  Stalker  
  28  2:36  Sentry  
  32  2:51  Nexus  
  32  2:58  Probe  
  32  3:01  Sentry  
  32  3:02  Sentry  
  37  3:06  Pylon  
  37  3:11  Probe  
  38  3:18  Robotics Facility  
  38  3:23  Probe  
  39  3:35  Probe (Chrono Boost)  
  40  3:43  Stalker x2  
  40  3:47  Probe (Chrono Boost)  
  45  3:48  Shield Battery  
  45  3:52  Probe (Chrono Boost)  
  47  4:04  Probe (Chrono Boost)  
  47  4:05  Probe (Chrono Boost)  
  47  4:09  Observer  
  49  4:16  Probe (Chrono Boost)  
  51  4:17  Probe (Chrono Boost), Forge  
  51  4:20  Probe (Chrono Boost)  
  52  4:25  Probe, Adept x2  
  57  4:31  Pylon  
  57  4:32  Probe  
  57  4:37  Probe  
  57  4:46  Adept  
  57  4:47  Adept  
  61  5:04  Immortal (Chrono Boost), Shield Battery  
  61  5:05  Shield Battery  
  61  5:11  Stalker  
  61  5:12  Stalker  
  69  5:24  Pylon  
  69  5:25  Pylon  
  69  5:26  Pylon  
  69  5:29  Shield Battery  
  69  5:39  Immortal (Chrono Boost)  
  73  5:45  Adept x2  
  77  5:52  Photon Cannon  
  77  6:06  Gateway  
  77  6:07  Adept x2  
  81  6:15  Warp Prism (Chrono Boost)  
  83  6:25  Shield Battery  
  81  6:30  Gateway  
  81  6:31  Adept  
  81  6:32  Adept  
  77  6:41  Probe x2  
  74  6:52  Adept x2  
  74  6:53  Probe x2  
  78  7:00  Pylon  
  74  7:12  Pylon  
  66  7:16  Immortal (Chrono Boost)  
  51  7:25  Adept x2  
  51  7:27  Probe  
  51  7:28  Probe  
  33  7:38  Stalker  
  33  7:39  Zealot  
  37  7:48  Adept  
  34  7:55  Zealot  

Tags
 
Add a new tag
Caveats
  • Supply blocks, unpowered buildings, or Contaminate may cause inaccurate times.
  • Supply counts are checked every 10 seconds.